[Event "Seattle Chess Classic"]
[Site "Chess.com"]
[Date "2020.08.12"]
[Round "1"]
[White "Pang, Ashley"]
[Black "Lenderman, Aleksandr"]
[Result "0-1"]
[ECO "C00"]
[WhiteElo "1947"]
[BlackElo "2717"]
[Annotator "Aleksandr Lenderman"]
[PlyCount "110"]
[EventDate "2020.??.??"]
[TimeControl "6000+30"]

{[%evp 0,110,43,43,30,19,-3,2,14,10,18,-38,-43,-43,-1,-19,-27,-27,-27,-27,-39,
-40,-40,-43,-26,-83,-72,-76,-73,-69,-54,-54,-27,-40,-22,-22,-19,-22,21,-12,-3,
-12,43,64,63,78,82,61,64,44,50,41,119,52,52,46,57,33,57,33,100,49,100,57,52,43,
59,53,48,45,45,12,19,11,0,-2,-2,-8,-8,-61,-61,-49,-53,-93,-101,-101,-101,-150,
-98,-193,-141,-223,-406,-526,-703,-703,-739,-739,-820,-948,-1034,-1082,-1082,
-1082,-1110,-1110,-1161,-29989,-29990,-29991,-29992,-29999,-30000] In the
first round I am playing a girl, Ashley Pang rated around 1900. The game was
extremely hard and felt like a long-suffering never-ending game to me where at
many times I was simply stuck and could not even find a satisfactory move. I
was happy to prevail in the end.} 1. e4 e6 2. d3 d5 3. Nd2 Nf6 4. Ngf3 Nc6 5.
g3 (5. e5 {This is principled.} Nd7 6. d4 f6 {This would take the game in a
different direction.}) (5. Be2 {This would be a Phillidor up a tempo for white.
}) 5... dxe4 6. dxe4 e5 7. Bg2 Bc5 8. O-O O-O 9. Qe2 b6 10. c3 a5 $1 $15 {
It all started very promising. I don't think I could've asked for anything
more out of the opening with black. After I played this, I thought I might
have a relatively easy win, since I felt like I got the perfect setup out of
the opening and I was playing a 1900. Once I won very quickly against some
2100 when he blundered some Ng4 stuff against this setup.} 11. b3 Ba6 {In a
few moves I regretted playing this, since my bishop ended up misplaced there.}
(11... Qe7 {Maybe I should play this.}) 12. c4 {The engine said that it's a
mistake but I couldn't exploit it.} (12. Nc4 Qe7) 12... Qe7 (12... Nd4 13. Nxd4
Qxd4 14. Rb1 {I also considered this but I wasn't as sure about this but
probably I'm much better now after Rad8.} Rad8) 13. Bb2 Rfd8 (13... a4 14. Rad1
Rfb8 {For some reason this setup with rook on b8 was better for me than rook
on d8. Most likely it's to play b5. I'm not sure why I didn't consider this.})
14. Rad1 a4 15. Nb1 {Around here the laboring part started. Suddenly I was
just struggling to find a plan.} Rxd1 16. Rxd1 axb3 17. axb3 Ng4 18. Rf1 {
Here I was spending forever trying to figure something out and couldn't find
anything I liked.} Re8 (18... Qd6 {Apparently I might still be better but now
it's based on some freak tactical ideas.} 19. Nc3 (19. h3 Nxf2 20. Rxf2 Bxf2+
21. Kxf2 Qc5+ 22. Qe3 Bxc4 $1) 19... Na5) 19. h3 Nf6 20. Nc3 Nd7 $6 {There's a
reason they say that backward knight moves without a good reason often end up
not as good.} (20... Nd4 21. Nxd4 exd4 {Was better I guess. I think I might've
missed exd4 for some reason.}) 21. Nd5 Qd8 22. Rd1 Bd6 23. Nh4 g6 24. Qd2 Bc8
25. b4 Bf8 26. b5 $6 {At least it gives me some hope because I am controlling
some squares.} (26. Nf3 Bg7 27. Qc2 {Somehow this is just very unpleasant for
me. I'm very passive.}) 26... Na5 27. Qe2 Bg7 {For some reason the engine
doesn't like this.} (27... Bd6) (27... Bb7) 28. Bc3 (28. Ba3) 28... Nb7 29. Nb4
Re6 30. Nd5 Rd6 $2 {Around here I was just simply struggling to find moves.} (
30... Nd6 31. Nf3 Bb7 {Was better.}) 31. Nf3 (31. f4 {Apparently this was
strong, I was always worried about this but couldn't calculate it clearly.}
exf4 32. Bxg7 Kxg7 33. Qb2+ Kg8 34. e5) 31... Nbc5 32. Ne1 Bb7 33. Nc2 Ne6 34.
Ncb4 Ndc5 35. Qc2 Rd7 36. Nc6 $5 Bxc6 37. bxc6 Rd6 38. f4 $1 f6 39. fxe5 $2 {
A relief! Finally she made a positional mistake and started to lose the thread.
The big reason why fxe5 is a big mistake is because it opened up my bishop on
g7.} (39. Ra1 $16) 39... fxe5 40. Qa2 Nd4 41. Bxd4 $2 {This makes my bishop on
g7 even more powerful, giving it the e5 square.} exd4 42. Qa7 Ne6 43. Qb7 d3 (
43... Be5 44. Ra1 Kg7) 44. Bf1 (44. Qa7 {This would be very hard to play
though.}) 44... Be5 45. Kg2 Nc5 46. Qa7 (46. Qxc7 Rxd5 {Was of course the
point.}) 46... Rxd5 {Here I just wanted to kill all her counterplay with the
knight and queen tandem, defend c7 for good, and create an unstoppable attack.
From here on, white is defenseless on the dark squares, missing the knight or
a dark squared bishop. Opposite colored bishops increase attack opportunities!}
47. cxd5 Qg5 48. Qa2 Qxg3+ 49. Kh1 Qf3+ 50. Kg1 Bd4+ 51. Kh2 Qxd1 52. d6+ Kg7
53. d7 Qxf1 54. Qg8+ (54. d8=Q Be5# (54... Qg1#)) 54... Kh6 55. h4 Be5# {
AlexanderL won by checkmate} 0-1

[Event "Seattle Chess Classic"]
[Site "Chess.com"]
[Date "2020.08.13"]
[Round "2"]
[White "Lenderman, Aleksandr"]
[Black "Talukdar, Rohan"]
[Result "1-0"]
[ECO "D72"]
[WhiteElo "2717"]
[BlackElo "2402"]
[Annotator "Aleksandr Lenderman"]
[PlyCount "61"]
[EventDate "2020.??.??"]
[TimeControl "6000+30"]

{[%evp 0,61,19,31,14,-14,35,5,8,14,21,9,42,21,-18,-7,31,42,36,18,43,38,31,32,
13,33,41,23,87,85,108,88,94,97,78,21,38,38,203,218,185,200,263,301,265,329,326,
318,358,328,377,524,570,404,407,412,412,427,427,426,463,489,1999,2150] In
round 2 I am playing FM Rohan Talukdar, who I failed to beat the last two
times I faced him. However, this is the first time I am playing white against
him in one of these tournaments. Luckily for me it worked out better for me
since I was able to prepare well for his Grunfeld and get the position I
wanted to play, which gave me an opportunity to play a good game.} 1. d4 Nf6 2.
c4 g6 3. g3 Bg7 4. Bg2 d5 5. cxd5 Nxd5 6. e4 Nb6 7. Ne2 c5 8. d5 e6 9. O-O exd5
(9... O-O {I think this is more accurate, not yet declaring the intensions.}
10. Nec3 Na6 {So that if I play Nec3, black can play Na6, and white now needs
to make a commitment on how he continues his development.}) 10. exd5 O-O 11.
Nec3 Na6 12. Nd2 Bf5 13. Nde4 {This was all preparation to this point which as
far as I knew was good for me.} Bxe4 $6 {probably not best since my knights on
c3 and e4 are redundant anyway.} (13... h6) 14. Nxe4 {I took some time on this
move since I knew I wanted to take with the knight from a positional
standpoint of view. First of all, I have the Bg5 idea. Also, I am controlling
the d6 square more, which means it is less likely that my pawn on d6 will be
blockaded. Rohan has won a game earlier this year against my student in a
similar opening where he got his knight to d6. However, having said all that,
I needed to make sure that he cannot take on d5, and I calculated that he
couldn't under favorable circumstances.} h6 {Sensible trying to stop Bg5.} (
14... Nxd5 $6 15. Bg5 Qd7 16. Nc3 $1 {This is a very important move which
ensures an advantage for me.} Bxc3 (16... Nb6 17. Qxd7 Nxd7 18. Bxb7 $16) 17.
bxc3 Nac7 18. c4 Qf5 19. Bh6 $16 {And because of this important move, white
ends up being up an exchange.}) 15. d6 {Here I had a deep think since I was
trying to evaluate how good d6 is, and whether I'm not overextending my pawn.
I was also trying to see if I had a better move. Ultimately I decided that
this was my best course of action after 10 minutes of thought.} (15. Bf4 {
I also considered this but didn't like it because of...} f5 16. Nc3 g5) (15. a4
{I briefly looked at this but then Nxd5 might be possible.} Nxd5) 15... Re8 16.
Qc2 {This was good but even better might've been...} (16. Be3 Nc4 (16... Re6
17. Rc1) 17. Qd5 $1 {The point! Because of how strong the f-file is, I didn't
have to be afraid of Nxe3.} Nxe3 18. fxe3 $18) 16... c4 17. Be3 Nb4 18. Qd2 c3
$5 {I have to admit that I missed this idea completely but luckily for me, it
wasn't that dangerous for me.} 19. bxc3 Nc4 20. Qd1 Nxe3 21. fxe3 {it turns
out that the positional weaknesses that were created are irrelevant because of
all the dynamics that the open f-file has created for me.} Nc6 22. Rxf7 $1 {
And now the petite combination that wins the game for me.} Qb6 {sort of forced.
} (22... Kxf7 {This move loses routinely of course to...} 23. Qd5+ Kf8 24. Rf1+
Bf6 25. Rxf6+ Kg7 26. Qf7+ Kh8 27. Rxg6 $18 {with unstoppable mate threats.})
23. Kh1 $1 {I liked this move. The way I came up with this move was since I
didn't see a way I can win immediately with forcing moves and I saw that Kxf7
is still not a threat, I wanted to play a move that I will need to play anyway,
and now it's a case where a threat is stronger than the execution. Some of my
threats now include Rb1 and Qd5, where the pawn on e3 isn't hanging with check,
while if he plays now Qxe3, I can take on b7.} Ne5 (23... Qxe3 24. Rxb7 (24.
Qb3 $18 {Is also more than good enough.}) 24... Rxe4 25. Qd5+ Re6 26. Qxc6 $18)
24. Rxb7 Qxe3 (24... Qxb7 25. Nf6+ {Is the point of course.}) 25. Qd5+ Kh8 26.
Rxg7 {One of many wins in this position.} Kxg7 27. d7 Nxd7 28. Qxd7+ Kh8 29.
Qc6 Rg8 30. Nf6 {Now I win a piece by force or mate.} Rac8 31. Qd7 {AlexanderL
won by resignation. Unstoppable mate now. I was very happy with this game,
this game felt like by far my most quality game in a very long time. It also
had a brilliancy, Rxf7. Therefore, I submit this game for brilliancy/best game
prize.} 1-0

[Event "Seattle Chess Classic"]
[Site "Chess.com"]
[Date "2020.08.13"]
[Round "3"]
[White "Bernadskiy, Vitaliy"]
[Black "Lenderman, Aleksandr"]
[Result "1/2-1/2"]
[ECO "C13"]
[WhiteElo "2679"]
[BlackElo "2717"]
[Annotator "Aleksandr Lenderman"]
[PlyCount "35"]
[EventDate "2020.??.??"]
[TimeControl "6000+30"]

{[%evp 0,23,19,31,33,23,44,32,64,31,30,30,32,31,35,21,21,6,57,56,33,35,26,34,
21,5] In round 3 I am already playing a GM since the field is very small. I
was looking forward for a fighting game but somehow the way the game played it,
it didn't work out like this.} 1. d4 e6 {I was actually luring him into a
french since I wanted to play a French and get a nice opposite side castles
fighting position.} 2. e4 d5 3. Nc3 Nf6 4. Bg5 (4. e5 {He plays e5 here more
often.}) 4... dxe4 5. Nxe4 Nbd7 {The safest most reliable line, and a line
that I was the most familiar with.} (5... Be7 6. Bxf6 gxf6 {Is also a good
line for black but it is highly theoretical where one mistake can be very
costly for black.}) 6. Nf3 Be7 7. Bxf6 (7. Nxf6+ {Here, interestingly, more
common is Nxf6 Bxf6 and h4!?} Bxf6 8. h4 {With interesting sharp theory to
follow.}) 7... Nxf6 8. Bd3 c5 $6 {Looking back at the game, it was a
regrettable decision since as a result, I got a position where his play is
very easy and comfortable and I have to defend.} (8... Nxe4 {This was my first
instinct and I should've followed it. I overthought things, thinking that I am
helping him with bringing his bishop and potentially the queen to a better
attacking position but it turned out that keeping the two bishops was more
important.} 9. Bxe4 c5 10. c3 {Now I thought that something like c3 and Qc2
can be annoying but anyway, it was much better to go for this position than
the other one.} (10. Qd3 $4 f5) (10. Qd2) (10. dxc5 Qa5+) (10. d5 $2 f5 $17)
10... O-O (10... cxd4 11. Qa4+ Bd7 (11... Qd7 12. Qxd4 Qxd4 13. Nxd4 Bd7 14.
O-O-O $11) 12. Qxd4) 11. O-O (11. dxc5 $11 {Probably in these positions white
doesn't risk that much but at least I would be on a more comfortable side of
equality.})) 9. Nxc5 Bxc5 10. dxc5 Qa5+ 11. Qd2 Qxc5 12. O-O-O {Game drawn by
agreement. Here we agreed to a draw since I wasn't a big fan of my position, I
thought that my king will be under attack and I didn't see clearly how to
equalize. Here are some additional lines of how the game might've proceeded
with perfect play from both sides.} Bd7 {This was my plan if I were to decline
a draw.} (12... O-O 13. Rhe1 {This I also didn't like so much. I guess I can
try b6 here.} b6 (13... Bd7 14. Ne5) 14. Ne5 (14. Qe3 {Would be a risk-free
endgame for white probably.}) 14... Bb7 15. Qf4 (15. f4 Rad8 16. g3 {Here it
looks like white has a small grip but black can probably hold with best play.})
15... Rad8 {Here probably black's fine.}) 13. Rhe1 {I wasn't sure about what
to do here.} O-O (13... Rc8 14. Ne5) 14. Ne5 {Somehow this type of position
seemed uncomfortable to me but I guess with precise play I can hold, but it
was hard for me to psychologically turn down the draw on the table and instead
play this position where I feel like one wrong move can get me mated :)} Rac8
15. g4 Bb5 {Looks like best play for black and now both} 16. Bxb5 {and...} (16.
g5 Nd5 17. Be4 {promise white some initiative.}) 16... Qxb5 17. g5 Nd5 18. Re4
$36 1/2-1/2

[Event "Seattle Chess Classic"]
[Site "Chess.com"]
[Date "2020.08.14"]
[Round "4"]
[White "Lenderman, Aleksandr"]
[Black "Tarjan, James"]
[Result "1-0"]
[ECO "E07"]
[WhiteElo "2717"]
[BlackElo "2469"]
[Annotator "Aleksandr Lenderman"]
[PlyCount "125"]
[EventDate "2020.??.??"]
[TimeControl "6000+30"]

{[%evp 0,125,25,-16,5,-17,-19,-24,-11,-11,3,-1,11,11,25,26,27,24,22,10,49,34,
51,50,39,73,55,63,70,10,59,68,67,30,51,63,58,48,67,5,38,3,40,43,42,22,46,46,25,
25,25,18,91,89,113,110,114,100,133,124,117,116,138,117,146,103,146,119,153,153,
157,143,159,158,160,150,152,156,161,157,141,152,145,139,158,147,146,147,158,
143,146,153,135,136,118,108,112,149,222,222,202,213,183,187,183,180,213,222,
221,213,219,228,269,263,258,245,251,262,278,280,347,353,328,340,592,610,619,
610] After a relatively quick draw against GM Bernadskiy I wanted to get a
fighting game with white against experienced GM Jim Tarjan. I have lost to him
the last serious game I played with him, also with white so I was looking for
revenge.} 1. c4 e6 2. g3 d5 3. Bg2 Nf6 4. Nf3 Be7 5. O-O O-O 6. d4 c6 7. b3
Nbd7 8. Bb2 b6 9. Nc3 {This was all preparation but now my opponent surprised
me.} a5 {I expected more...} (9... Bb7) (9... Ba6) 10. Nd2 {A pretty natural
move but objectively speaking might've not been the best move.} (10. Ne5 {
I also considered this but it seemed unclear to me because of the following
variation:} Nxe5 11. dxe5 Nd7 12. cxd5 cxd5 13. e4 Ba6 $132) (10. a3 {However
at the high depth, the myserious a3 move apparently might be best. I don't
think any human would seriously consider such a move but it looks like the
idea is to meet b5 with c5 and then to play b4, and also discourage black to
play b4.} Ba6 11. Nd2 b5 12. c5 $14) 10... Ba6 {Natural and expected, but not
best.} (10... b5 $3 {I knew that this idea existed in the closed Catalan but I
just didn't think it worked with my bishop already being on b2 and with him
already played a5, but it seems like black might have enough counterplay here.}
11. cxb5 cxb5 12. Nxb5 Qb6 13. a4 (13. Nc3 a4) 13... Ba6 $44) 11. e4 b5 {
almost forced, or else I just get a free advantage.} (11... a4 12. e5 a3 (12...
Ne8 13. bxa4 $16) 13. exf6 axb2 14. fxe7 $18 {doesn't work for black.}) 12.
exd5 exd5 13. cxb5 Bxb5 14. Re1 Bb4 (14... Ba6 15. Nf3 $16 {I thought that
black cannot favorably move the bishop on b5 anyway, so I avoided exchanging
it.}) 15. Nxb5 cxb5 16. Re3 (16. a3 {I considered this but didn't like it
because of black seizing the c4 square.} Bxd2 17. Qxd2 a4 18. Qb4 {However,
it's possible that black is facing concrete problems with the b5 pawn.}) 16...
Re8 (16... a4 {this was probably more accurate.}) 17. Nf1 {eventually trying
to bring the knight to e3.} a4 18. Qd3 (18. Rxe8+ Qxe8 19. Ne3 {I think this
was more accurate to not allow him counterplay with Qa5 and also I ensure that
I get the knight to e3 right away and put pressure on d5.}) 18... Qa5 19. Rc1
Rec8 $1 {Now after this clever move, suddenly I found my harmony on the
kingside to be a bit awkward. I have to now lose a tempo to bring my knight to
the game.} 20. Rc2 g6 $6 (20... Rxc2 21. Qxc2 Qa6 {was more accurate with Rc8
to follow. Black should probably equalize here.}) 21. Ree2 {now I felt like I
was pressing again.} axb3 22. axb3 Rxc2 23. Rxc2 Ba3 {a good move to try to
get rid of my 2 bishops.} 24. Bxa3 Qxa3 25. Bf3 (25. Ne3 {this right away is
met with an annoying...} Qa1+) 25... Qb4 26. Ne3 Ra3 $2 {The first real
mistake of this game. I assume this was some kind of a blunder where my
opponent might've missed that after Rc3, I have an unexpected Nc2 threat,
which is hard to deal with, since Nxd5 also becomes a threat.} (26... Ra1+ 27.
Kg2 Qe1 {Black should create counterplay.} 28. Bd1 {was my plan, but I had a
feeling that black should be fine here in several different ways.} Nf8 $132)
27. Rc3 Ra6 {played after a long thought. It was a decent try but
unfortunately for black, he loses material no matter what.} 28. Bxd5 Rd6 29.
Nc2 {this attacks the queen with a tempo and defends d4.} Qa5 30. Bg2 (30. b4 {
maybe it made sense to also include this move.}) 30... b4 31. Rc8+ (31. Rc4 Ne5
32. Rc8+ Kg7 33. Qd2 {might've been a slightly better version for white.})
31... Kg7 32. Ra8 Qh5 33. Qf3 Qg5 34. Qd1 h5 35. h4 Qb5 36. Qf1 {step by step
consolidating my extra pawn and on my way in winning a second pawn.} Qxf1+ 37.
Kxf1 Ng4 38. Ra7 (38. Rd8 {maybe this was cleaner.}) 38... Ndf6 39. Ra4 Re6 40.
Rxb4 Nh2+ 41. Kg1 Re2 42. Ne3 Nhg4 43. Nxg4 Re1+ 44. Bf1 hxg4 45. Kg2 Rd1 {
In the last few moves black did a good job at creating good practical chances.
Here I spent some time trying to calculate a clean win but couldn't find one.}
46. Be2 (46. Bc4 {I tried to calculate this deeply.} Rxd4 47. Rb7 Nd5 48. Kh2 (
48. Rd7 $4 Ne3+) (48. Kf1 {however, apparently this still promises white very
good winning chances. I didn't want to part with my pawn though.}) 48... Rd2
49. Rd7 Rxf2+ 50. Kg1 Nb6 {unfortunately for me, this move saves the day for
him.} 51. Rb7 Rf6 52. Bxf7 Rxf7 53. Rxb6 Rf3 {and black should draw.}) 46...
Rd2 47. Kf1 Ne4 48. Ke1 f5 $6 {probably not the best as it leads to a lost
rook endgame for black.} (48... Rb2 49. Bxg4 Nxf2 50. Be2 Ne4 51. Bd3 Nxg3 52.
d5 {was my intension with very good winning chances for white.}) (48... Ra2 49.
Bxg4 Nxf2 50. Be2 Ne4 51. Bd3 Nxg3 52. d5 Ra8 {this line, however might give
black serious drawing chances.}) 49. f3 $1 gxf3 50. Bxf3 Rb2 (50... Rd3 {
I expected this move more. However white should win after the accurate...} 51.
Ke2 $1 Rc3 52. Bxe4 fxe4 53. g4 Rg3 54. g5 Rg4 55. Rb7+ Kf8 56. b4 $18) 51.
Bxe4 fxe4 52. d5 Kf6 53. d6 {I thought this is the simplest but probably not
the only way to win.} Ke6 54. Rxe4+ Kxd6 55. b4 Kd5 56. Rg4 Ke5 57. Kd1 Kf5 58.
Kc1 Rg2 59. Rg5+ Ke4 {This is a last-ditch counterplay attempt but it falls
way short.} 60. b5 Kd3 61. b6 Rg1+ 62. Kb2 Rg2+ 63. Kb3 {AlexanderL won by
resignation. I was very happy with this win. This game took 4 hours and came
down to the wire. Jim Tarjan is a very formidable opponent who has even beat
Kramnik in one game. I consider him a legend of US chess and because of his
experience, he can be dangerous in any particular game and always can be
counted to give a very good game, and this game was not an exception. I was
very happy to come out on top after a long fight.} 1-0